 Dungeon Crawl Stone Soup version 0.29.0-4-gdea44cf6ec (webtiles) character file.

Game seed: 8642854871864451739

1159 qw the Cleaver (level 8, -1/48 HPs)
             Began as a Tengu Warper on Aug 28, 2022.
             Slain by Maggie
             ... wielding a +0 halberd
              (9 damage)
             ... on level 6 of the Dungeon.
             The game lasted 00:00:32 (5828 turns).

qw the Cleaver (Tengu Warper)                       Turns: 5828, Time: 00:00:33

Health: -1/48      AC:  4    Str: 17    XL:     8   Next: 39%
Magic:  10/12      EV: 15    Int: 13    God:
Gold:   263        SH:  2    Dex: 14    Spells: 11/11 levels left

rFire   . . .      SeeInvis .   Y - +0 hand axe
rCold   . . .      Faith    .   a - -2 buckler of Weightlessness {Str+3}
rNeg    . . .      Spirit   .   b - +0 leather armour
rPois   .          Reflect  .   (helmet restricted)
rElec   .          Harm     .   (no cloak)
rCorr   +          Rampage  .   m - +0 pair of gloves {infuse}
Will    +....                   (boots unavailable)
Stlth   ++........              k - amulet of regeneration
HPRegen 0.96/turn               g - +4 ring of slaying {mikee}
MPRegen 0.13/turn               o - ring "Oqelul" {Will+ rCorr Stlth+}

@: about to teleport, flying quickly and evasively, quick
A: beak, talons 3, nimble flight
a: no special abilities


You were on level 6 of the Dungeon.
You visited 1 branch of the dungeon, and saw 6 of its levels.

You collected 263 gold pieces.


Innate Abilities, Weirdness & Mutations

You have a beak for a mouth.
You have claws for feet.
Your magical nature lets you fly swiftly and evasively.


   Skills:
 - Level 4.1 Fighting
 + Level 9.1 Axes
 - Level 1.0 Throwing
 - Level 1.1 Armour
 - Level 4.1 Dodging
 - Level 2.0 Shields
 - Level 2.0 Spellcasting
 - Level 2.4 Translocations


You had 11 spell levels left.
You didn't know any spells.
Your spell library contained the following spells:

 Spells                   Type           Power      Damage    Failure   Level
 Blink                    Tloc           14%        N/A       24%         2
 Gell's Gravitas          Tloc           7%         N/A       43%         3
 Lesser Beckoning         Tloc           7%         N/A       43%         3
 Teleport Other           Tloc           7%         N/A       43%         3
 Manifold Assault         Tloc           7%         N/A       99%         5

Inventory:

Hand Weapons
 f - a +0 morningstar
 Y - a +0 hand axe (weapon)
Missiles
 n - 2 boomerangs (quivered)
Armour
 a - the -2 buckler of Weightlessness (worn) {Str+3}
   (You acquired it on level 1 of the Dungeon)

   Str:       It affects your strength (+3).
 b - a +0 leather armour (worn)
 c - a +0 chain mail
 h - a +0 cloak
 m - a +0 pair of gloves of infusion (worn)
Jewellery
 g - a +4 ring of slaying (left hand) {mikee}
 k - an amulet of regeneration (around neck)
 o - the ring "Oqelul" (right hand) {Will+ rCorr Stlth+}
   (You found it on level 5 of the Dungeon)

   [ring of resist corrosion]

   rCorr:     It protects you from acid and corrosion.
   Will:      It increases your willpower.
   Stlth:     It makes you more stealthy.
 r - a ring of protection from fire
Scrolls
 d - a scroll of identify
Potions
 e - a potion of haste
 i - a potion of cancellation
 j - a potion of flight {unknown}
 l - a potion of curing {unknown}
 p - a potion of might {unknown}

Dungeon Overview and Level Annotations

Branches:
Dungeon (6/15)
 Temple: D:4-7

Altars:

Annotations:
D:6 Maggie


Message History

Maggie and 4 kobolds come into view.
Maggie is wielding a +0 halberd and carrying a wand of roots (4).
Maggie shouts!
You hear a shout! x2
A kobold comes into view. It is wielding a +0 short sword.
The kobold moves out of view.
You hear a shout!
5809 ||| Stepping ~*~*~tactically~*~*~ (hiding).
You hear a shout! x2
You start waiting.
Maggie is nearby!
Maggie hits you with a +0 halberd!
The kobold shouts!
You slash Maggie! Your kick misses Maggie.
Maggie is lightly wounded.
You hear a shout!
You hit Maggie. Your kick misses Maggie.
Maggie is lightly wounded.
Maggie hits you with a +0 halberd!
You closely miss Maggie. Your kick misses Maggie.
Maggie is lightly wounded.
Maggie hits you with a +0 halberd!
You completely miss Maggie. You claw Maggie.
Maggie is moderately wounded.
Maggie hits you with a +0 halberd!
5825 ||| READING scroll of teleportation.
As you read the scroll of teleportation, it crumbles to dust.
You feel strangely unstable. Maggie misses you.
A kobold comes into view.
It is wielding a +0 dagger and quivering poisoned darts.
You barely miss Maggie. Your peck misses Maggie.
Maggie is moderately wounded.
Maggie completely misses you.
A kobold brigand comes into view.
It is wielding a +0 club and quivering curare-tipped darts.
You hit Maggie. You claw Maggie! Your peck misses Maggie.
Maggie is heavily wounded.
Maggie completely misses you.
You closely miss Maggie.
Maggie is heavily wounded.
Maggie hits you with a +0 halberd!
You die...

###### .....
#.# ... #.#
#####.# #.#
#...@.# #.#
#.###@# #.#
##### #.# K#
#.# #...# #.#
K#
#.#####...###.#
KK
...##.......#.#
K.
#..........^#.#
...
#.###.......#.#
... #.#
###.......#


You could see Maggie and 5 kobolds.

Vanquished Creatures
  A sky beast (D:4)
  2 ice beasts
  An ogre (D:5)
  2 phantoms (D:4)
  2 scorpions (D:5)
  A howler monkey (D:5)
  3 hounds
  3 iguanas (D:5)
  3 orc wizards
  5 gnolls
  8 adders
  2 river rats (D:4)
  A white imp (D:5)
  An ufetubus (D:5)
  6 worms
  4 dart slugs
  11 orcs
  5 bats
  5 endoplasms
  3 giant cockroaches
  4 goblins
  3 hobgoblins
  3 quokkas
  3 ball pythons
  7 kobolds
  6 rats
95 creatures vanquished.

Vanquished Creatures (others)
  A plant (D:6)
1 creature vanquished.

Grand Total: 96 creatures vanquished

Notes
Turn   | Place    | Note
-------+----------+-------------------------------------------
     0 | D:1      | qw the Tengu Warper began the quest for the Orb.
     0 | D:1      | Reached XP level 1. HP: 12/12 MP: 4/4
     0 | D:1      | 0 ||| qw: Version: 0.1-a-89-g26bdef1
     0 | D:1      | 0 ||| qw: Game counter: 2398
     0 | D:1      | 0 ||| qw: Always use a shield: true
     0 | D:1      | 0 ||| qw: God list: Okawaru
     0 | D:1      | 0 ||| qw: Allow faded altars: false
     0 | D:1      | 0 ||| qw: Do Orc after D:15 true
     0 | D:1      | 0 ||| qw: Do second Lair branch before Depths: true
     0 | D:1      | 0 ||| qw: Lair rune preference: random
     0 | D:1      | 0 ||| qw: Plans: Normal
     0 | D:1      | 0 ||| PLANNING D:1-11
   396 | D:1      | 396 ||| DROPPING +0 club.
   502 | D:1      | HP: 3/12 [gnoll/+0 club (4)]
   505 | D:1      | Reached skill level 3 in Axes
   505 | D:1      | Reached XP level 2. HP: 4/17 MP: 6/6
   754 | D:1      | 754 ||| Stepping ~*~*~tactically~*~*~ (stealth).
  1068 | D:1      | 1068 ||| Stepping ~*~*~tactically~*~*~ (hiding).
  1079 | D:1      | Reached XP level 3. HP: 19/21 MP: 7/7
  1119 | D:1      | Found a faded altar of an unknown god.
  1351 | D:1      | 1351 ||| DROPPING ring of magical power.
  1352 | D:1      | 1352 ||| READING scroll labelled AMEQAJ NIJOEB.
  1477 | D:1      | 1477 ||| READING scroll labelled OXIETS EGORUU.
  1478 | D:1      | 1478 ||| READING scroll labelled DEKKYJA TEEGA.
  1478 | D:1      | Identified a scroll of acquirement
  1478 | D:1      | 1478 ||| ACQUIRING -2 buckler of Weightlessness {Str+3}
  1478 | D:1      | Acquired the -2 buckler of Weightlessness {Str+3}
  1480 | D:1      | 1480 ||| UPGRADING to -2 buckler of Weightlessness {Str+3}.
  1485 | D:1      | 1485 ||| DRINKING 2 bubbling coppery potions.
  1486 | D:1      | 1486 ||| DROPPING scroll of blinking.
  1548 | D:2      | 1548 ||| Stepping ~*~*~tactically~*~*~ (stealth).
  1550 | D:2      | 1550 ||| Stepping ~*~*~tactically~*~*~ (stealth).
  1730 | D:2      | 1730 ||| READING scroll of acquirement.
  1730 | D:2      | 1730 ||| ACQUIRING +0 pair of gloves of infusion
  1730 | D:2      | Acquired a +0 pair of gloves of infusion
  1732 | D:2      | 1732 ||| UPGRADING to +0 pair of gloves of infusion.
  1881 | D:2      | Reached skill level 1 in Shields
  1929 | D:2      | 1929 ||| FLEEEEING.
  1930 | D:2      | 1930 ||| FLEEEEING.
  1932 | D:2      | 1932 ||| FLEEEEING.
  1933 | D:2      | 1933 ||| FLEEEEING.
  1934 | D:2      | 1934 ||| FLEEEEING.
  1935 | D:2      | 1935 ||| FLEEEEING.
  1936 | D:2      | 1936 ||| FLEEEEING.
  1955 | D:2      | 1955 ||| Stepping ~*~*~tactically~*~*~ (hiding).
  2080 | D:2      | Reached skill level 4 in Axes
  2293 | D:2      | Reached XP level 4. HP: 26/26 MP: 8/8
  2728 | D:2      | 2728 ||| UPGRADING to amulet of regeneration.
  2733 | D:2      | 2733 ||| READING 3 scrolls labelled JUMUCU CAVACIY.
  2734 | D:2      | 2734 ||| READING 2 scrolls labelled XOEXKUUZIA.
  2735 | D:2      | 2735 ||| READING scroll labelled OXZOANG VUASHEMPU.
  2740 | D:2      | 2740 ||| READING 2 scrolls of identify.
  2740 | D:2      | 2740 ||| IDENTIFYING puce potion
  2741 | D:2      | 2741 ||| DROPPING potion of brilliance.
  2742 | D:2      | 2742 ||| DROPPING scroll of fear.
  2771 | D:3      | 2771 ||| Stepping ~*~*~tactically~*~*~ (stealth).
  2776 | D:3      | HP: 3/26 [gnoll/+0 flail (9)]
  2777 | D:3      | 2777 ||| DRINKING potion of heal wounds.
  2834 | D:3      | 2834 ||| DROPPING +0 whip.
  2841 | D:3      | 2841 ||| FLEEEEING.
  2852 | D:3      | Reached skill level 5 in Axes
  2943 | D:3      | 2943 ||| Stepping ~*~*~tactically~*~*~ (stealth).
  2950 | D:3      | 2950 ||| Stepping ~*~*~tactically~*~*~ (stealth).
  2952 | D:3      | 2952 ||| Stepping ~*~*~tactically~*~*~ (stealth).
  2966 | D:3      | 2966 ||| Stepping ~*~*~tactically~*~*~ (stealth).
  2968 | D:3      | 2968 ||| Stepping ~*~*~tactically~*~*~ (stealth).
  2978 | D:3      | Gained mutation: Your magical nature lets you fly swiftly
                  | and evasively. [Tengu growth]
  2978 | D:3      | Reached XP level 5. HP: 30/30 MP: 6/9
  3435 | D:3      | 3435 ||| UPGRADING to +4 ring of slaying {mikee}.
  3436 | D:3      | 3436 ||| READING scroll labelled WAVVIL EJYERUQI.
  3437 | D:3      | 3437 ||| DRINKING 3 golden potions.
  3542 | D:3      | 3542 ||| READING 2 scrolls of identify.
  3542 | D:3      | 3542 ||| IDENTIFYING glowing inky potion
  3543 | D:3      | 3543 ||| DROPPING 2 potions of berserk rage.
  3672 | D:3      | 3672 ||| Stepping randomly (stuck).
  3812 | D:4      | 3812 ||| PLANNING SEWER
  3826 | D:4      | Noticed a phantom
  3832 | D:4      | Killed a phantom
  3833 | D:4      | Reached skill level 6 in Axes
  3870 | D:4      | Noticed a sky beast
  3876 | D:4      | Killed a sky beast
  3877 | D:4      | Reached XP level 6. HP: 35/35 MP: 8/10
  4036 | D:4      | Reached skill level 7 in Axes
  4194 | D:4      | Reached skill level 3 in Fighting
  4240 | D:4      | Reached XP level 7. HP: 39/41 MP: 9/11
  4502 | D:4      | 4502 ||| Stepping ~*~*~tactically~*~*~ (stealth).
  4610 | D:4      | 4610 ||| RIP SEWER
  4776 | D:4      | 4776 ||| PLANNING D:1-11
  4807 | D:4      | 4807 ||| Stepping ~*~*~tactically~*~*~ (stealth).
  4850 | D:4      | 4850 ||| Stepping ~*~*~tactically~*~*~ (stealth).
  4852 | D:4      | Reached skill level 3 in Dodging
  4971 | D:4      | 4971 ||| READING scroll labelled QUNNOS ECETOIDU.
  4972 | D:4      | 4972 ||| READING 2 scrolls of identify.
  4972 | D:4      | 4972 ||| IDENTIFYING glowing grey potion
  4973 | D:4      | 4973 ||| DROPPING potion of degeneration.
  4993 | D:5      | Entered Level 5 of the Dungeon
  5022 | D:5      | 5022 ||| Stepping ~*~*~tactically~*~*~ (stealth).
  5030 | D:5      | 5030 ||| Stepping ~*~*~tactically~*~*~ (stealth).
  5066 | D:5      | Reached skill level 8 in Axes
  5075 | D:5      | 5075 ||| FLEEEEING.
  5152 | D:5      | 5152 ||| Stepping ~*~*~tactically~*~*~ (stealth).
  5227 | D:5      | Reached skill level 9 in Axes
  5227 | D:5      | Reached XP level 8. HP: 32/46 MP: 8/12
  5344 | D:5      | Identified the ring "Oqelul" {Will+ rCorr Stlth+}
  5365 | D:5      | 5365 ||| Stepping ~*~*~tactically~*~*~ (stealth).
  5607 | D:5      | 5607 ||| UPGRADING to ring "Oqelul" {Will+ rCorr Stlth+}.
  5608 | D:5      | 5608 ||| READING 2 scrolls labelled QUTHRI JAORPH.
  5609 | D:5      | 5609 ||| READING 3 scrolls of identify.
  5609 | D:5      | 5609 ||| IDENTIFYING murky white potion
  5610 | D:5      | 5610 ||| READING 2 scrolls of identify.
  5610 | D:5      | 5610 ||| IDENTIFYING ruby potion
  5611 | D:5      | 5611 ||| DROPPING scroll of magic mapping.
  5612 | D:5      | 5612 ||| DROPPING potion of attraction.
  5626 | D:6      | 5626 ||| STAIRDANCE
  5637 | D:6      | 5637 ||| STAIRDANCE
  5649 | D:5      | 5649 ||| DROPPING +0 flail.
  5808 | D:6      | Noticed Maggie
  5809 | D:6      | 5809 ||| Stepping ~*~*~tactically~*~*~ (hiding).
  5824 | D:6      | HP: 4/48 [Maggie/+0 halberd (16)]
  5825 | D:6      | 5825 ||| READING scroll of teleportation.
  5828 | D:6      | Slain by Maggie

Levels and vault maps discovered:
D:1:      dpeg_arrival_circle_labyrinth_b, layout_loops_ring,
          dreamdust_ecumenical_altar_grove
D:2:      layout_loops_corners, roderic_malta_cross
D:3:      layout_basic
D:4:      layout_layer_cave, lightli_sewer_entry_pipes
D:5:      nicolae_cairo_tiling_large_dashed, layout_cave_pools
D:6:      layout_loops_ring, minmay_temple_entry_overgrown, hex_large,
          uniq_maggie

Skill      XL: |  1  2  3  4  5  6  7  8 |
---------------+-------------------------+-----
Axes           | 3 4 5 6 7 9 |  9.1
Shields        | 1 2 |  2.0
Fighting       | 3 4 |  4.1
Dodging        | 3 4 |  4.1
Throwing       | |  1.0
Armour         | |  1.1
Spellcasting   | |  2.0
Translocations | |  2.4

Action                   |  1- 3 |  4- 6 |  7- 9 || total
-------------------------+-------+-------+-------++-------
Melee: Hand axe          |    53 |    47 |    79 ||   179
       Kick              |    15 |     9 |    25 ||    49
       Peck              |     6 |     8 |    11 ||    25
Throw: Boomerang         |     7 |    26 |    41 ||    74
  Use: Scroll            |     4 |     6 |     6 ||    16
       Potion            |     1 |     2 |       ||     3
Armor: Leather armour    |    11 |    10 |     9 ||    30
Dodge: Dodged            |    18 |    30 |    30 ||    78
Block: Buckler           |     4 |     3 |     5 ||    12

Table legend:
 A = Non-vault XP
 B = Vault XP
 C = Vault XP percentage of total XP
 D = Non-vault monster count
 E = Vault monster count
 F = Vault count percentage of total count
                 A         B        C        D         E       F
            +---------+---------+-------+---------+---------+-------
      Total |    1562 |      94 |   5.7 |      82 |      13 |  13.7
            +---------+---------+-------+---------+---------+-------
        D:1 |      37 |       0 |   0.0 |      14 |       0 |   0.0
        D:2 |      52 |       0 |   0.0 |      19 |       0 |   0.0
        D:3 |      84 |       0 |   0.0 |      11 |       0 |   0.0
        D:4 |     466 |      94 |  16.8 |      14 |      13 |  48.1
        D:5 |     709 |       0 |   0.0 |      20 |       0 |   0.0
        D:6 |     214 |       0 |   0.0 |       4 |       0 |   0.0
            +---------+---------+-------+---------+---------+-------
